← All builds
Tech / Armada / Economy first / OBSERVED BUILD

Standard tech

Standard Tech play: rush T2 factory and constructor by ~4:15-4:33, upgrade the first mexes to advanced, and hand off constructors and army to Geo and allies while scaling eco over the game.

Usually first T2 con to Geo (85%)

#eco #t2 #team support · 681 distinct matches · 101 players · 59% of Armada Tech games · team won 53% of 793 · Recently observed

HOW TO PLAY IT

Key timing: T2 lab by 4:15

  1. Take 3 mex, then wind and a Bot Lab to open eco fast.
  2. Push T2 lab out, aim to pass T2 to air player.
  3. Get first T2 constructor building, prioritize mex upgrades over eco.
  4. Finish Advanced Metal Extractor, keep upgrading team's mex.
  5. Add fus and anti-nuke, keep feeding T2 cons and Umbrella/Citadel to team.

Phase by phase

TYPICAL OF ITS 681 GAMES
  1. 1
  2. 2
  3. 3
  4. 4
PLAY THE OPENING

Follow the example game's first 6:00 step by step: what to build now, what comes next, and where it goes. At 1× it keeps pace with your own game.

  1. 1

    Up to the Bot Lab

    Economy
    • Metal Extractor3Mex
    • Wind Turbine4Wind
    Order
    1. Bot LabBot Lab after 3 mex, 4 winddone ~1:18, middle half 1:13–1:32

    Some games also: energy storage (30%)

    By 1:01 in all: 3 mex · 4 wind

    The example game in this phase · 3 steps
    1. Mex ×3
    2. Wind ×3
    3. Bot LabBot Labdone 1:19 · typical 1:18
  2. 2

    Bot Lab to Advanced Bot Lab

    Economy
    • Metal Extractor1Mex
    • Wind Turbine8Wind
    • Energy Storage1Energy storage
    Order
    1. Advanced Bot LabAdvanced Bot Lab after 4 mex, 12 wind, 3 con turretdone ~4:15, middle half 4:04–4:27
    Builders
    • Construction Turret3 Con turret
    • Lazarus3 Lazarus
    • Construction Bot2 Con bot
    • Construction Bot1 Con bot for allies

    Some games also: converter (36%)

    By 3:20 in all: 4 mex · 12 wind · 1 energy storage · 3 con turret

    The example game in this phase · 20 steps
    1. Solar
    2. Wind
    3. Construction BotCon bot
    4. Wind ×2
    5. Solar
    6. Construction BotCon botfor Air
    7. Solar
    8. Wind ×2
    9. LazarusLazarus
    10. Wind
    11. Mex
    12. Con turret
    13. Energy storage
    14. Construction BotCon bot
    15. Converter
    16. LazarusLazarus
    17. Con turret
    18. Converter
    19. Con turret
    20. Advanced Bot LabAdvanced Bot Labdone 4:44 · typical 4:15
  3. 3

    Advanced Bot Lab to 5:00

    Economy
    • Wind Turbine2Wind
    Builders
    • Advanced Construction Bot1 T2 con bot for allies

    Some games also: converter (35%)

    By 5:00 in all: 4 mex · 15 wind · 2 converter · 1 energy storage · 3 con turret

    The example game in this phase · 4 steps
    1. Wind ×2
    2. Solar ×2
    3. Wind ×2
    4. Advanced Construction BotT2 con botfor Geo
  4. 4

    5:00 to 10:00

    Economy
    • Wind Turbine43Wind
    • Energy Converter5Converter
    Builders
    • Butler8 Butler
    • Advanced Construction Bot4 T2 con bot for allies
    • Advanced Construction Bot1 T2 con bot

    Some games also: con turret (46%) · Butler for allies (38%)

    By 10:00 in all: 4 mex · 58 wind · 7 converter · 1 energy storage · 3 con turret

    The example game in this phase · 136 steps
    1. Wind
    2. Advanced Metal ExtractorT2 mexdone 5:38 · typical 5:28
    3. SharpshooterSniper botfor Ponddone 5:57
    4. Wind ×2
    5. SharpshooterSniper bot
    6. Advanced Construction BotT2 con botfor Air
    7. Wind
    8. Advanced Metal ExtractorT2 mex
    9. Wind ×2
    10. Advanced Metal ExtractorT2 mex
    11. Wind
    12. Advanced Construction BotT2 con botfor Geo sea
    13. Wind ×2
    14. ButlerButler
    15. Wind
    16. ButlerButler
    17. Wind
    18. ButlerButlerfor Geo sea
    19. Wind ×2
    20. Advanced Construction BotT2 con botfor Beach sea
    21. Wind
    22. Advanced Metal ExtractorT2 mex
    23. Wind ×2
    24. ButlerButlerfor Beach sea
    25. Wind
    26. ButlerButler
    27. Wind
    28. Advanced Construction BotT2 con botfor Pond
    29. Wind ×2
    30. Converter
    31. Wind
    32. ButlerButler
    33. Wind ×2
    34. ButlerButler
    35. Wind ×3
    36. Advanced Construction BotT2 con bot
    37. Wind ×4
    38. ButlerButler
    39. Wind ×3
    40. Converter
    41. Wind
    42. ButlerButler
    43. Wind ×5
    44. Advanced Construction BotT2 con bot
    45. Wind ×8
    46. ButlerButler
    47. Wind ×4
    48. Converter
    49. Wind
    50. ButlerButler
    51. Wind
    52. HoundHoundfor Suicide front
    53. Wind ×5
    54. SharpshooterSniper botfor Suicide front
    55. Wind ×4
    56. RattlesnakeRattlesnakefor Suicide frontdone 12:36
    57. Wind ×4
    58. Converter
    59. Wind ×3
    60. Converter
    61. Wind ×5
    62. Converter
    63. Wind ×3
    64. T2 converter
    65. Converter ×2
    66. Wind ×2
    67. UmbrellaAnti-nukenot finished by 15:00
    68. Wind
    69. Converter
    70. Wind ×3
    71. Converter
    72. Wind ×3
    73. Converter
    74. Wind ×2
    75. Converter
    76. Wind
    77. Converter
    78. Wind ×5
    79. Converter
    80. Metal storage
    81. T2 converter
    82. Wind ×2
    83. Converter
    84. Wind ×2
    85. Converter
    86. Wind
    87. Converter
    88. ArchangelArchangeldone 12:47
    89. Wind ×2
    90. ChainsawChainsaw
    91. Wind ×2
    92. ArbalestArbalest
    93. Converter
    94. Wind ×3
    95. ArchangelArchangel
    96. Wind ×2
    97. Converter ×2
    98. Wind ×4
    99. UmbrellaAnti-nuke
    100. Wind
    101. Converter
    102. Wind ×7
    103. Converter
    104. Wind
    105. Converter
    106. Wind ×2
    107. Fusion ReactorFusionnot finished by 15:00
    108. Wind ×3
    109. RattlesnakeRattlesnake
    110. Wind ×2
    111. Con turret
    112. Converter
    113. Wind ×5
    114. Converter
    115. Wind ×3
    116. Con turret
    117. Converter
    118. Wind ×2
    119. SprinterSprinter
    120. Wind ×3
    121. SprinterSprinter
    122. Wind ×2
    123. Converter
    124. Wind ×2
    125. SprinterSprinter
    126. Wind
    127. Converter
    128. SprinterSprinter
    129. Wind ×2
    130. SprinterSprinter
    131. Wind ×3
    132. Converter
    133. SprinterSprinter
    134. Con turret
    135. Wind ×2
    136. SprinterSprinter

Counts are medians over the build's games: half of them build more, half fewer. The example game is GeeGee's (36 OS, 18/09/2026); pick another.

Team trades

IN AT LEAST 30% OF ITS GAMES

You hand over

  • Construction Bot1 Con bot to Airfirst at 2:22 · in 88% of games
  • Advanced Construction Bot5 T2 con bot to Air or Pond or Geo seafirst at 4:46 · in 99% of games
  • Sharpshooter2 Sniper bot to Pondfirst at 5:23 · in 33% of games
  • Butler2 Butler to Geo sea or Beach sea or Pondfirst at 9:03 · in 42% of games

You get

  • Hercules1 Light transport from Airfirst at 3:59 · in 85% of games

How it plays out

Typical game of this build, running totals by minute

Metal produced

020k40k
0:005:0010:0015:00

metal

Enemy metal destroyed

0200400
0:005:0010:0015:00

metal

Own metal lost

0100200300
0:005:0010:0015:00

metal

793 games.

Show as table
ByMetal produced: This buildEnemy metal destroyed: This buildOwn metal lost: This build
1:0038300
2:0091500
3:00163500
4:00314800
5:00486300
6:00580700
7:00722000
8:00906100
9:001124700
10:001355300
11:001634200
12:001985000
13:002364400
14:0027360125130
15:0031473385260
WHAT THE NUMBERS SAY

This is the role's baseline and wins slightly more than half its games with a huge metal lead but almost no kills, showing its value is economic not combat.

  • + Produces 31389 metal by 15:00, far above other roles.
  • + Reaches T2 lab and constructor by 4:15-4:33 almost every game.
  • − Barely destroys any enemy metal (400 by 15:00), no combat presence.
  • − Fusion Reactor and anti-nuke only land in 44% of games.
THE EXAMPLE YOU ARE READING

GeeGee

35.5 OS · 18/09/2026

Open source match ↗

1 received units
2251 metal received · 89841 energy received

Allied construction assistance is unknown. Timings are observations, not a promise of solo reproducibility.

Typical milestones

Bot Lab1:18Middle 50%: 1:13–1:32 · n=793
Advanced Bot Lab4:15Middle 50%: 4:04–4:27 · n=787
Advanced Metal Extractor5:28Middle 50%: 5:06–5:58 · n=791

Played most by

Amrissa100games of this buildSyphos34games of this buildKOT_33games of this buildTeaner28games of this buildAdeus26games of this build